 Dungeon Crawl Stone Soup version 0.18-a0-955-g171f012 (webtiles) character file.

1278 Banto the Spear-Bearer (level 8, -5/66 HPs)
             Began as a Centaur Warper on Dec 31, 2015.
             Was a Believer of Pakellas.
             Slain by Prince Ribbit (15 damage)
             ... on level 6 of the Dungeon.
             The game lasted 00:12:27 (6836 turns).

Banto the Spear-Bearer (Centaur Warper)             Turns: 6836, Time: 00:12:28

Health: -5/66      AC: 11    Str: 14    XL:     8   Next: 29%
Magic:  10/10      EV:  8    Int: 14    God:    Pakellas [**....]
Gold:   322        SH:  0    Dex: 11    Spells: 1 memorised, 9 levels left

rFire  + . .     SeeInvis .     s - +4 quarterstaff (chaos)
rCold  . . .     Gourm    +     G - +2 ring mail {rN+}
rNeg   + . .     Faith    .     (shield currently unavailable)
rPois  +         Spirit   .     (helmet restricted)
rElec  .         Dismiss  .     r - +1 cloak
rCorr  .         Reflect  .     i - +1 pair of gloves
SustAt .         Harm     .     (no barding)
MR     .....     Rnd*Rage +     p - amulet of the gourmand
Stlth  ..........               k - ring of poison resistance
                                v - ring of protection from fire

@: very quick, not resistant to hostile enchantments, extremely unstealthy
A: beak, hooves 3, berserk 1, clever 1, deformed body, speed 2, tough skin 3
a: Quick Charge, Renounce Religion


You were on level 6 of the Dungeon.
You worshipped Pakellas.
Pakellas was pleased with you.
You were very full.

You visited 1 branch of the dungeon, and saw 6 of its levels.
You also visited: Sewer.

You collected 322 gold pieces.

Inventory:

Hand Weapons
 a - a +1 spear
 s - a +4 quarterstaff of chaos (weapon)
Missiles
 e - 4 tomahawks of dispersal (quivered)
 h - 5 tomahawks
 F - 2 throwing nets
Armour
 i - a +1 pair of gloves (worn)
 r - a +1 cloak (worn)
 x - a +0 helmet
 G - a +2 ring mail of positive energy (worn)
Jewellery
 c - an uncursed ring of ice {unknown}
 k - a ring of poison resistance (right hand)
 m - an uncursed ring of flight
 p - an amulet of the gourmand (around neck)
 q - an uncursed ring of magical power
 v - a ring of protection from fire (left hand)
Wands
 l - a wand of random effects (34/48)
 E - a wand of lightning (5/15)
 J - a wand of disintegration (10/24)
Scrolls
 d - a scroll of blinking
 j - 3 scrolls of remove curse
 o - 3 scrolls of immolation
 y - 2 scrolls of teleportation
 B - a scroll of magic mapping
Potions
 b - a potion of might
 g - a potion of cure mutation
 n - 4 potions of agility
 t - 2 potions of berserk rage
 u - a potion of magic
 z - a potion of invisibility {unknown}
 A - 4 potions of lignification {unknown}
 C - a potion of curing {unknown}
 H - a potion of haste {unknown}
 I - a potion of poison {unknown}
Comestibles
 f - 3 bread rations
 w - a royal jelly
 D - a beef jerky


   Skills:
 + Level 3.9 Fighting
 - Level 8.2 Polearms
 - Level 1.1 Throwing
 - Level 0.6 Armour
 - Level 1.3 Dodging
 - Level 1.5 Spellcasting
 - Level 2.6 Translocations
 + Level 2.9 Evocations


You had 9 spell levels left.
You knew the following spells:

 Your Spells              Type           Power        Failure   Level  Hunger
a - Apportation           Tloc           #.........   17%         1    ##.....


Dungeon Overview and Level Annotations

Branches:
Dungeon (6/15)
 Temple: D:4-7

Altars:
Ashenzari
Dithmenos
Nemelex Xobeh
Pakellas
Ru

Annotations:
D:5 Eustachio
D:6 Prince Ribbit


Innate Abilities, Weirdness & Mutations

You have hooves in place of feet.
Armour fits poorly on your strangely shaped body.
You cover ground very quickly.
You have extremely tough skin (AC +3).
You have a beak for a mouth.
You tend to lose your temper in combat.
Your mind is acute. (Int +2)


Message History

Prince Ribbit is lightly wounded.
Prince Ribbit hits you!
The orc priest invokes the aid of Beogh against you.
Something smites you! Prince Ribbit hits you.
* * * LOW HITPOINT WARNING * * *
Prince Ribbit blinks!
Prince Ribbit lets out a mournful croak.
You sock the orc!
You kill the orc!
Pakellas accepts your kill.
Prince Ribbit croaks regally.
Prince Ribbit hits you!
* * * LOW HITPOINT WARNING * * *
Throwing (i - inventory. (,) - cycle):
e - 5 tomahawks of dispersal (quivered)
Press: ? - help, Shift-Dir - straight line, f - Prince Ribbit
Aim: Prince Ribbit (lightly wounded)
You throw a tomahawk of dispersal.
Prince Ribbit momentarily phases out as the tomahawk of dispersal passes through him.
Prince Ribbit misses you. Prince Ribbit hits you!
You die...

#......#.# #......#o#
#...o..#o# #......#
###.#### #o.# ###### #.o#
.....# ###########..#
.....# ........F@o..##
.....# ........####..#
###### ........# ##.##.#
# ........# #..#.# #
........######.#.# #
.................# #
........######.#.# #
######### #.#.#
#####################...#


You could see Prince Ribbit, an orc priest and an orc.

Vanquished Creatures
  Purgy (Sewer)
  2 ogres
  2 centaurs (D:5)
  A giant frog (D:6)
  Blork the orc (D:4)
  2 scorpions
  2 crimson imps (D:5)
  2 orc priests
  Crazy Yiuf (D:2)
  2 giant frog skeletons
  Ijyb (D:1)
  4 worker ants
  Robin (D:3)
  3 adders
  9 river rats
  4 gnolls (D:3)
  3 oozes
  An adder skeleton (D:4)
  2 worms
  3 giant geckos
  7 orcs
  A ball python (D:2)
  7 giant cockroaches
  21 goblins
  9 hobgoblins
  6 jackals
  4 kobolds
  4 quokkas
  14 bats
  5 giant newts
  A jackal skeleton (D:5)
  23 rats
  2 fungi (D:2)
151 creatures vanquished.

Notes
Turn   | Place    | Note
--------------------------------------------------------------
     0 | D:1      | Banto the Centaur Warper began the quest for the Orb.
     0 | D:1      | Reached XP level 1. HP: 17/17 MP: 3/3
   314 | D:1      | Reached XP level 2. HP: 24/24 MP: 4/4
   703 | D:2      | Noticed Ijyb
   982 | D:2      | Reached skill level 3 in Polearms
  1049 | D:2      | Reached XP level 3. HP: 22/29 MP: 5/5
  1724 | D:2      | Noticed Crazy Yiuf
  1760 | D:2      | Killed Crazy Yiuf
  1760 | D:2      | Reached skill level 4 in Polearms
  1760 | D:2      | Reached XP level 4. HP: 36/36 MP: 6/6
  2301 | D:1      | Killed Ijyb
  2379 | D:3      | Reached XP level 5. HP: 41/41 MP: 7/7
  2756 | D:3      | Found a shadowy altar of Dithmenos.
  2756 | D:3      | Found a sparkling altar of Nemelex Xobeh.
  2867 | D:3      | Reached skill level 5 in Polearms
  3553 | D:3      | Noticed Robin
  3587 | D:3      | Killed Robin
  3709 | D:3      | Reached XP level 6. HP: 40/48 MP: 8/8
  3838 | D:4      | Found an oddly glowing altar of Pakellas.
  3847 | D:4      | Became a worshipper of Pakellas the Inventive
  3987 | D:4      | Reached skill level 6 in Polearms
  4028 | D:4      | Noticed Blork the orc
  4070 | D:4      | Killed Blork the orc
  4538 | D:4      | Reached * piety under Pakellas
  4783 | D:4      | Gained mutation: You tend to lose your temper in combat. [potion of mutation]
  4783 | D:4      | Gained mutation: Your mind is acute. (Int +2) [potion of mutation]
  4783 | D:4      | Gained mutation: You have a beak for a mouth. [potion of mutation]
  4809 | D:4      | Reached skill level 7 in Polearms
  4809 | D:4      | Reached XP level 7. HP: 41/55 MP: 9/9
  5031 | D:5      | Entered Level 5 of the Dungeon
  5601 | D:5      | Reached skill level 8 in Polearms
  5683 | D:5      | Found a glowing drain.
  5696 | Sewer    | Entered a sewer
  5703 | Sewer    | Reached ** piety under Pakellas
  5703 | Sewer    | Received a gift from Pakellas
  5850 | Sewer    | Noticed Purgy
  5861 | Sewer    | Killed Purgy
  5861 | Sewer    | Reached skill level 1 in Evocations
  5979 | D:5      | Reached XP level 8. HP: 57/62 MP: 10/10
  6621 | D:5      | Noticed Eustachio
  6642 | D:5      | Found a sacrificial altar of Ru.
  6644 | D:5      | Found a shattered altar of Ashenzari.
  6811 | D:6      | Noticed Prince Ribbit
  6836 | D:6      | Slain by Prince Ribbit

Vault maps used:
D:1:      tarquinn_simple_flora_water_e
D:2:      first_bread, uniq_crazy_yiuf_cottage, uniq_iyjb
D:3:      kennysheep_goblin_castle, gammafunk_temple_overflow_wave,
          bh_walls_and_bars
D:4:      lemuel_round_altar, dk_rats_in_the_wall, uniq_blork_the_orc
D:5:      nicolae_overflow_hidden_temple, gup_sewer_entry_bubbles,
          minmay_bad_closet, uniq_eustachio
D:6:      uniq_prince_ribbit1
Sewer:    sewer_big_baddie

Action                   |  1- 3 |  4- 6 |  7- 9 || total
-------------------------+-------+-------+-------++-------
Melee: Spear             |   165 |    11 |       ||   176
       Quarterstaff      |       |   193 |   108 ||   301
Throw: Tomahawk          |       |       |     1 ||     1
Evoke: Wand              |       |       |     3 ||     3
  Use: Scroll            |     5 |     9 |     2 ||    16
       Potion            |       |     1 |       ||     1
 Stab: Petrifying        |       |     1 |       ||     1
       Paralysed         |       |       |     6 ||     6
       Petrified         |       |       |     2 ||     2
  Eat: Chunk             |     9 |    10 |    10 ||    29
